 Dungeon Sprint DCSS version 0.16-a0-4097-gb4d75fa (webtiles) character file.

542 Hedron the Martial Artist (level 7, -22/35 HPs)
             Began as a Vine Stalker Monk on Feb 25, 2015.
             Was a Believer of Dithmenos.
             Annihilated by Sonja
             ... wielding a +0 short sword of distortion
              (25 damage)
             ... in the Dungeon (Sprint I: "Red Sonja").
             The game lasted 00:03:54 (439 turns).

Hedron the Martial Artist (Vine Stalker Monk)        Turns: 439, Time: 00:03:55

Health: -22/35     AC:  4    Str: 16    XL:     7   Next: 27%
Magic:  0/9        EV: 13    Int: 10    God:    Dithmenos [**....]
Gold:   412        SH:  0    Dex: 16    Spells: 0 memorised, 6 levels left

rFire  + . .     SeeInvis .       - Unarmed
rCold  . . .     Clarity  .     i - +2 robe {rF+}
rNeg   . . .     SustAb   .     (no shield)
rPois  .         Gourm    .     (no helmet)
rElec  .         Spirit   +     (no cloak)
rCorr  .         Warding  .     (no gloves)
rMut   .         NoTele   +     (no boots)
MR     .....                    (no amulet)
Stlth  ++++++....               (no ring)
                                (no ring)

@: lethally poisoned (-22 -> -23), slowed, wreathed by umbra, very slow, not
resistant to hostile enchantments, very stealthy
A: fangs 2, regeneration 2, magic shield, antimagic bite, no device heal 3, rot
immunity
a: Shadow Step, Renounce Religion


You were in the Dungeon.
You worshipped Dithmenos.
Dithmenos was pleased with you.
You were not hungry.

You visited 1 branch You collected 412 gold pieces.

Inventory:

Missiles
 j - 9 stones (quivered)
Armour
 i - a +2 robe of fire resistance (worn)
Magical devices
 c - a wand of confusion (13)
 g - a wand of frost (22)
Scrolls
 h - a scroll of blinking
Potions
 e - a potion of haste
 f - 2 potions of magic
Comestibles
 b - a bread ration


   Skills:
 - Level 2.6 Fighting
 - Level 2.4 Dodging
 + Level 11.5 Stealth
 * Level 12.6 Unarmed Combat


You had 6 spell levels left.
You didn't know any spells.

Dungeon Overview and Level Annotations

Branches:
Dungeon (1/1)

Altars:
Cheibriados
Dithmenos
Elyvilon
Fedhas
Gozag
Kikubaaqudgha
Makhleb
Nemelex Xobeh
Okawaru
Qazlal
Ru
Sif Muna
Trog
Vehumet
Xom
Yredelemnul
Zin
The Shining One
Jiyva

Shops:
D :

Annotations:
D Sonja


Innate Abilities, Weirdness & Mutations

You have extremely sharp teeth.
You heal very quickly.
When hurt, damage is shared between your health and your magic reserves.
Your bite disrupts and absorbs the magic of your enemies.
Potions and wands cannot restore your health.
You are immune to rotting.


Message History

You start resting.
You feel sick.
You closely miss Sonja. Your bite misses Sonja.
You have got your breath back.
You feel sick.
Sonja unwields an uncursed blowgun.
Sonja wields an uncursed short sword of distortion.
Its appearance distorts for a moment.
Sonja hits you but does no damage. Space bends around you. Sonja misses you.
Sonja misses you.
Sonja hits you with an uncursed short sword of distortion.
Space bends around you. Sonja misses you. Sonja barely misses you.
You miss Sonja. Your bite misses Sonja.
You feel sick.
Sonja hits you with an uncursed short sword of distortion.
Space bends around you. Sonja misses you. Sonja barely misses you.
You barely miss Sonja. Your punch misses Sonja. Your bite misses Sonja.
Sonja hits you but does no damage. Space warps horribly around you!
Ouch! That really hurt!
* * * LOW HITPOINT WARNING * * *
Sonja hits you with an uncursed short sword of distortion.
Space warps horribly around you!
Ouch! That really hurt!
You die...

######################
#<)#..)..#.['..#__#..+
#..'..#..'..#..'..'..#
#..#####'#####'#__####
#..####..#...#.####
#..#__####..##.#
#..#_..__##'#..+
#⌠⌠#_.∩...'..._#
####_..._##_@#'#
#_____###K#.# #######
#.### $.$ $.$ ##.##
#+#


You could see Sonja.

Vanquished Creatures
  A slime creature (D)
  A yak (D)
  An ogre (D)
  Sigmund (D)
  A jelly (D)
  Ijyb (D)
6 creatures vanquished.

Vanquished Creatures (others)
  A gargoyle (D)
1 creature vanquished.

Grand Total: 7 creatures vanquished

Notes
Turn   | Place    | Note
--------------------------------------------------------------
     0 | D        | Hedron, the Vine Stalker Monk, began the quest for the Orb.
     0 | D        | Reached XP level 1. HP: 11/11 MP: 1/1
     1 | D        | Noticed Ijyb
    36 | D        | Killed Ijyb
    36 | D        | Reached skill level 5 in Unarmed Combat
    36 | D        | Reached XP level 2. HP: 7/16 MP: 3/3
    73 | D        | Noticed an ogre
    78 | D        | Killed an ogre
    78 | D        | Reached skill level 6 in Stealth
    78 | D        | Reached skill level 8 in Unarmed Combat
    78 | D        | Reached XP level 3. HP: 19/19 MP: 4/4
    78 | D        | Reached XP level 4. HP: 23/23 MP: 5/5
    91 | D        | Noticed Sigmund
   100 | D        | Killed Sigmund
   100 | D        | Reached skill level 9 in Unarmed Combat
   100 | D        | Reached XP level 5. HP: 4/27 MP: 7/7
   196 | D        | Found a deep blue altar of Sif Muna.
   197 | D        | Noticed a jelly
   198 | D        | Found a radiant altar of Vehumet.
   202 | D        | Killed a jelly
   202 | D        | Reached skill level 10 in Unarmed Combat
   234 | D        | Found Ydeekev's Book Emporium.
   234 | D        | Found a white marble altar of Elyvilon.
   234 | D        | Found a stormy altar of Qazlal.
   234 | D        | Found a burning altar of Makhleb.
   234 | D        | Found a sacrificial altar of Ru.
   234 | D        | Found a basalt altar of Yredelemnul.
   234 | D        | Found a glowing golden altar of the Shining One.
   234 | D        | Found a sparkling altar of Nemelex Xobeh.
   234 | D        | Found a shimmering altar of Xom.
   234 | D        | Found an opulent altar of Gozag.
   234 | D        | Found an ancient bone altar of Kikubaaqudgha.
   234 | D        | Found a glowing silver altar of Zin.
   234 | D        | Noticed a yak
   235 | D        | Found an iron altar of Okawaru.
   250 | D        | HP: 1/27 [yak (3)]
   251 | D        | Killed a yak
   251 | D        | Reached skill level 10 in Stealth
   251 | D        | Reached skill level 11 in Unarmed Combat
   251 | D        | Gained mutation: You heal very quickly. [vine stalker growth]
   251 | D        | Reached XP level 6. HP: 1/32 MP: 0/8
   274 | D        | Killed a gargoyle
   324 | D        | Found a bloodstained altar of Trog.
   340 | D        | Found a snail-covered altar of Cheibriados.
   340 | D        | Found a viscous altar of Jiyva.
   340 | D        | Found a shadowy altar of Dithmenos.
   340 | D        | Found a blossoming altar of Fedhas.
   340 | D        | Noticed a slime creature
   350 | D        | Killed a slime creature
   350 | D        | Reached skill level 12 in Unarmed Combat
   350 | D        | Reached XP level 7. HP: 4/35 MP: 2/9
   413 | D        | Became a worshipper of Dithmenos the Shadowed
   413 | D        | Acquired Dithmenos' first power
   434 | D        | Noticed Sonja
   439 | D        | Annihilated by Sonja

Action                   |  1- 3 |  4- 6 |  7- 9 || total
-------------------------+-------+-------+-------++-------
Melee: Unarmed           |    21 |    31 |     3 ||    55
  Use: Potion            |     1 |     1 |       ||     2
       Scroll            |       |     1 |       ||     1
 Stab: Sleeping          |       |     3 |       ||     3
